 Dungeon Crawl Stone Soup version 0.21-a0-508-gf08a75f (webtiles) character file.

24 Spazmo the Conjurer (level 2, -2/15 HPs)
             Began as a Deep Elf Conjurer on Nov 28, 2017.
             Slain by Crazy Yiuf
             ... wielding a +3 quarterstaff of chaos
              (4 damage)
             ... on level 2 of the Dungeon.
             The game lasted 00:02:59 (900 turns).

Spazmo the Conjurer (Deep Elf Conjurer)              Turns: 900, Time: 00:03:01

Health: -2/15      AC:  2    Str:  5    XL:     2   Next: 79%
Magic:  0/8        EV: 13    Int: 19    God:
Gold:   56         SH:  0    Dex: 15    Spells: 4/7 levels left

rFire    . . .     SeeInvis .   n - +2 whip (elec)
rCold    . . .     Gourm    .   (no shield)
rNeg     . . .     Faith    .   a - +0 robe
rPois    .         Spirit   .   (no helmet)
rElec    .         Reflect  .   (no cloak)
rCorr    .         Harm     .   (no gloves)
MR       .....                  (no boots)
Stlth    ++........             (no amulet)
HPRegen  0.05/turn              (no ring)
MPRegen  0.11/turn              (no ring)

@: no status effects
A: no striking features
a: no special abilities


You were on level 2 of the Dungeon.
You were not hungry.

You visited 1 branch of the dungeon, and saw 2 of its levels.

You collected 56 gold pieces.

Inventory:

Hand Weapons
 n - a +2 whip of electrocution (weapon)
Missiles
 g - 41 stones (quivered)
Armour
 a - a +0 robe (worn)
Jewellery
 e - an uncursed amulet of faith
Scrolls
 h - 3 scrolls of remove curse
Potions
 i - a potion of curing {unknown}
 j - a potion of brilliance {unknown}
Books
 b - a book of Conjurations

   Spells                             Type                      Level
   a - Magic Dart                     Conjuration                  1
   b - Searing Ray                    Conjuration                  2
   c - Dazzling Spray                 Conjuration/Hexes            3
   d - Fulminant Prism                Conjuration/Hexes            4
   e - Force Lance                    Conjuration/Translocation    4
   f - Iskenderun's Mystic Blast      Conjuration                  4
Comestibles
 c - 2 bread rations
 d - 2 chunks of flesh
 m - a meat ration


   Skills:
 + Level 2.9 Dodging
 - Level 3.0 Stealth
 + Level 3.4 Spellcasting
 + Level 4.6 Conjurations


You had 4 spell levels left.
You knew the following spells:

 Your Spells              Type           Power        Failure   Level  Hunger
a - Magic Dart            Conj           ###.         2%          1    None
b - Searing Ray           Conj           ###...       3%          2    ##.....


Dungeon Overview and Level Annotations

Branches:
Dungeon (2/15)

Altars:

Annotations:
D:2 Crazy Yiuf, Robin


Message History

Crazy Yiuf is lightly wounded.
Crazy Yiuf closely misses you.
Casting: Magic Dart
Confirm with . or Enter, or press ? or * to list all spells.
Aiming: Magic Dart
Press: ? - help, Shift-Dir - straight line, f/p - Crazy Yiuf
Aim: Crazy Yiuf, wielding a quarterstaff of chaos and wearing a cloak (lightly wounded)
The magic dart hits Crazy Yiuf.
Crazy Yiuf is moderately wounded.
Crazy Yiuf closely misses you.
You hit Crazy Yiuf.
Crazy Yiuf is heavily wounded.
Crazy Yiuf barely misses you.
You closely miss Crazy Yiuf.
Crazy Yiuf is heavily wounded.
Crazy Yiuf hits you with a quarterstaff of chaos!
Ouch! That really hurt!
* * * LOW HITPOINT WARNING * * *
Crazy Yiuf burns you.
You die...

.# .# .. .# .# .#
######.#.# #
♣♣##...g@...# ..#♣♣
♣♣....####.#.#
..'.♣♣♣♣........#.#
..#♣..♣.........#.#
# ♣♣♣.♣......<.#.#
♣♣♣♣♣##....#.#
###.##.# .....#
#.###


You could see Crazy Yiuf.

Vanquished Creatures
  3 dart slugs
  A leopard gecko (D:1)
  A giant cockroach (D:2)
  4 goblins
  2 hobgoblins (D:1)
  4 kobolds (D:1)
  A rat (D:1)
16 creatures vanquished.

Notes
Turn   | Place    | Note
-------+----------+-------------------------------------------
     0 | D:1      | Spazmo the Deep Elf Conjurer began the quest for the Orb.
     0 | D:1      | Reached XP level 1. HP: 10/10 MP: 6/6
   485 | D:1      | Reached XP level 2. HP: 15/15 MP: 5/8
   489 | D:1      | Learned a level 2 spell: Searing Ray
   770 | D:2      | Noticed Robin
   855 | D:2      | Found a runed door.
   877 | D:2      | Noticed Crazy Yiuf
   900 | D:2      | Slain by Crazy Yiuf

Vault maps used:
D:1:      scummos_arrival_gate
D:2:      hex_medium, hangedman_decor_points, nicolae_ru_the_path_less_chosen,
          uniq_robin, uniq_crazy_yiuf_cottage

Skill      XL: |  1  2 |
---------------+-------+-----
Stealth        | 3 |  3.0
Dodging        | |  2.9
Spellcasting   | |  3.4
Conjurations   | |  4.6

Action                   || total
-------------------------++-------
Melee: Whip              ||     2
 Cast: Magic Dart        ||    34
       Searing Ray       ||     2
  Use: Scroll            ||     4
Dodge: Dodged            ||    10

Table legend:
 A = Spawn XP
 B = Non-spawn XP
 C = Spawn XP percentage of total XP
 D = Spawn monster count
 E = Non-spawn monster count
 F = Spawn count percentage of total count
 G = Total turns spent on level
                    A         B        C        D         E        F      G
               +---------+---------+-------+---------+---------+-------+---------
         Total |       0 |      35 |   0.0 |       0 |      16 |   0.0 |   900
               +---------+---------+-------+---------+---------+-------+---------
           D:1 |       0 |      26 |   0.0 |       0 |      12 |   0.0 |   821
           D:2 |       0 |       9 |   0.0 |       0 |       4 |   0.0 |    79
               +---------+---------+-------+---------+---------+-------+---------
